AoeStats
← Tchitchi d'Afflelou

Black Forest

510883195Analyzed
4v4 RM · 13h ago on Oct 3, 2026· 39m 6s· 8 players
Game mode
Random Map
Map size
Large (8 player)
Population
200
Speed
Normal
Resources
Standard
Victory
Conquest
Starting age
Dark Age
Ending age
Imperial Age
RankedLock teamsTeams togetherTeam positionsShared explorationLock speedFull tech treeHidden civsTurbo modeCheats
Victory
Defeat
🇨🇴 Persians · Colombia
1402
+15
🇫🇷 Saracens · France
1387
+15
🇦🇹 Sicilians · Austria
1366
+16
🇻🇪 Bohemians · Venezuela
1344
+17
🇺🇸 Cumans · United States
1412
-18
🇲🇽 Persians · Mexico
1377
-16
🇲🇽 Goths · Mexico
1352
-15
🇦🇷 Khmer · Argentina
1334
-14
LvSP | LeON
8:47 Loom
10:36 Feudal Age
14:56 Castle Age
14:15 Double-Bit Axe
23:54 Bloodlines
25:20 Bow Saw
25:06 Stone Mining
26:40 Wheelbarrow
25:47 Horse Collar
27:56 Fletching
28:25 Hand Cart
28:36 Husbandry
31:21 Scale Barding Armor
31:28 Forging
31:24 Bodkin Arrow
31:50 Gold Mining
35:34 Gold Shaft Mining
35:35 Stone Shaft Mining
35:15 Heavy Plow
36:47 Chain Barding Armor
37:03 Iron Casting
39:41 Imperial Age
BenOFF
1:12 Loom
10:56 Feudal Age
20:16 Horse Collar
20:32 Double-Bit Axe
21:17 Horse Collar
25:16 Castle Age
25:21 Man-at-Arms
26:02 Squires
26:03 Long Swordsman
27:55 Forging
36:10 Wheelbarrow
chiwire
5:55 Loom
9:21 Feudal Age
9:50 Double-Bit Axe
22:49 Horse Collar
26:47 Castle Age
25:57 Wheelbarrow
26:04 Gold Mining
27:12 Bloodlines
27:09 Scale Barding Armor
27:15 Forging
28:58 Bow Saw
33:24 Devotion
36:16 Wheelbarrow
35:26 Town Watch
CTM | Franco*
0:37 Loom
12:03 Feudal Age
17:21 Castle Age
17:32 Double-Bit Axe
17:30 Horse Collar
17:44 Gold Mining
17:45 Stone Mining
27:52 Ballistics
29:05 Fletching
Tchitchi d'Afflelou
6:51 Loom
9:00 Feudal Age
da.mighty.sloth
1:05 Loom
10:27 Feudal Age
12:26 Double-Bit Axe
14:59 Horse Collar
19:12 Scale Mail Armor
19:07 Fletching
25:55 Castle Age
26:33 Pikeman
28:24 Chain Mail Armor
29:06 Arson
35:05 Wheelbarrow
37:23 Imperial Age
37:10 Bow Saw
37:20 Squires
38:55 Onager
RagnarLothbrok
4:08 Loom
4:45 Loom
12:50 Feudal Age
13:46 Double-Bit Axe
17:09 Castle Age
15:07 Fishing Lines
18:32 Gillnets
21:25 Imperial Age
21:15 Chemistry
23:46 Man-at-Arms
25:07 Forging
26:23 Horse Collar
26:54 Bow Saw
28:13 Block Printing
32:02 Theocracy
31:48 Sanctity
31:39 Redemption
32:16 Heavy Plow
34:41 Illumination
34:26 Redemption
34:59 Padded Archer Armor
35:17 Gillnets
36:24 Iron Casting
39:12 Caravan
Giacomo
10:41 Feudal Age
11:15 Double-Bit Axe
11:37 Fishing Lines
17:08 Castle Age
17:07 Horse Collar
18:58 Scale Barding Armor
21:46 Gillnets
24:26 Bloodlines
26:18 Husbandry
27:14 Bow Saw
28:04 Chain Barding Armor
29:10 Wheelbarrow
32:03 Imperial Age
30:30 Forging
30:13 Stone Mining
30:14 Gold Mining
30:54 Hand Cart
30:25 Town Watch
30:49 Heavy Plow
30:59 Loom
31:53 Stone Shaft Mining
31:54 Gold Shaft Mining
32:27 Iron Casting
33:35 Two-Man Saw
33:12 Crop Rotation
33:30 Plate Barding Armor
32:36 Cavalier
34:25 Blast Furnace
33:28 Town Patrol
34:29 Conscription
33:32 Light Cavalry
35:33 Chemistry
34:29 Murder Holes
35:10 Caravan
35:21 Guilds
35:41 Coinage
35:13 Elite War Elephant
36:42 Scale Mail Armor
37:54 Chain Mail Armor
39:13 Fletching
Connection lost

Rejoining the realm…

Still unreachable

The connection could not be restored.

Session expired

The server has moved on; the page needs a fresh start.